 Dungeon Crawl Stone Soup version 0.17.0-26-gececa24 (console) character file.

211 gw the Chopper (level 5, 0/47 HPs)
             Began as a Hill Orc Abyssal Knight on Nov 20, 2015.
             Was a Believer of Lugonu.
             Succumbed to an adder's poison
             ... on level 2 of the Dungeon.
             The game lasted 00:02:12 (1381 turns).

gw the Chopper (Hill Orc Abyssal Knight)            Turns: 1381, Time: 00:02:12

Health: 0/47       AC:  3    Str: 15    XL:     5   Next: 88%
Magic:  7/7        EV: 11    Int: 12    God:    Lugonu [**....]
Gold:   65         SH:  0    Dex: 11    Spells: 0 memorised, 4 levels left

rFire  . . .     SeeInvis +     a - +1 hand axe
rCold  . . .     Clarity  .     b - +0 leather armour
rNeg   . . .     SustAt   .     (no shield)
rPois  .         Gourm    .     (no helmet)
rElec  .         Spirit   .     (no cloak)
rCorr  .         Warding  .     (no gloves)
rMut   .         Stasis   .     (no boots)
MR     .....                    (no amulet)
Stlth  +.........               (no ring)
                                f - ring of see invisible

@: lethally poisoned (0 -> -7), not resistant to hostile enchantments, very
unstealthy
A: no striking features
a: Depart the Abyss, Bend Space, Renounce Religion


You were on level 2 of the Dungeon.
You worshipped Lugonu.
Lugonu was pleased with you.
You were near starving.

You visited 1 branch of the dungeon, and saw 2 of its levels.
You visited the Abyss 1 time.

You collected 65 gold pieces.

Inventory:

Hand Weapons
 a - a +1 hand axe (weapon)
Missiles
 g - 20 stones (quivered)
Armour
 b - a +0 leather armour (worn)
Jewellery
 f - a ring of see invisible (left hand)
Scrolls
 e - a scroll of teleportation {unknown}
Comestibles
 c - a bread ration
 j - a beef jerky


   Skills:
 + Level 4.4 Fighting
 * Level 5.1 Axes
 + Level 1.5 Throwing
 + Level 3.2 Armour
 - Level 0.7 Dodging
 + Level 3.9 Invocations


You had 4 spell levels left.
You didn't know any spells.

Dungeon Overview and Level Annotations

Branches:
Dungeon (2/15)

Altars:


Message History

You are more poisoned.
The adder poisons you! The adder bites you.
You are more poisoned.
The adder poisons you!
ATTACKING (1,1)
You hit the adder.
You kill the adder!
Lugonu accepts your kill.
You feel sick.
ATTACK MOVE TO (1,-1)
You feel sick.
ATTACK MOVE TO (-1,0)
You feel sick.
ATTACK MOVE TO (1,0)
You feel sick.
ATTACK MOVE TO (1,0)
You feel sick.
You see here 2 stones.
ATTACK MOVE TO (0,1)
You die...

#.............##
#...............
#...............
#...............
#...............
#...............
#####...........
#..(#.......
#..o#..(....
#...%(.........
#...(..........
#..(........###
#..(.(.......#
#.......#......
#.......#......
#..............


There were no monsters in sight!

Table legend:
 A = Turns spent in this place as a percentage of turns spent in the entire game.
 B = Non-inter-level travel turns spent in this place as a percentage of non-inter-level travel turns spent in the entire game.
 C = Inter-level travel turns spent in this place as a percentage of turns spent in this place.
 D = Turns resting spent in this place as a percentage of non-inter-level travel turns spent in this place.
 E = Turns spent auto-exploring this place as a percentage of non-inter-level travel turns spent in this place.
 F = Non-inter-level travel turns spent in this place divided by the number of levels of this place that you've seen.
                   A       B       C       D       E      F
               +-------+-------+-------+-------+-------+----------------------
         Total | 100.0 | 100.0 |   0.0 |   0.8 |   2.0 | 794.7
       Dungeon |  98.6 |  98.6 |   0.0 |   0.9 |   2.0 | 1175.5
         Abyss |   1.4 |   1.4 |   0.0 |   0.0 |   3.0 |  33.0
               +-------+-------+-------+-------+-------+----------------------

Table legend:
 A = Kills in this place as a percentage of kills in entire the game.
 B = Kills by you in this place as a percentage of kills by you in the entire game.
 C = Kills by friends in this place as a percentage of kills by friends in the entire game.
 D = Other kills in this place as a percentage of other kills in the entire game.
 E = Experience gained in this place as a percentage of experience gained in the entire game.
 F = Experience gained in this place divided by the number of levels of this place that you have seen.
                   A       B       C       D       E      F
               +-------+-------+-------+-------+-------+----------------------
         Total | 100.0 | 100.0 |  -nan |  -nan | 100.0 | 100.7
       Dungeon | 100.0 | 100.0 |  -nan |  -nan | 100.0 | 151.0
               +-------+-------+-------+-------+-------+----------------------

Vanquished Creatures
  Sigmund (D:2)
  2 adders (D:2)
  2 worms (D:2)
  2 giant geckos (D:1)
  3 giant cockroaches (D:1)
  3 goblins (D:1)
  5 hobgoblins
  2 jackals (D:1)
  4 bats (D:1)
  2 giant newts (D:1)
  3 kobolds
  A rat (D:1)
30 creatures vanquished.

Notes
Turn   | Place    | Note
--------------------------------------------------------------
     0 | Abyss:1  | gw the Hill Orc Abyssal Knight began the quest for the Orb.
     0 | Abyss:1  | Reached XP level 1. HP: 19/19 MP: 2/2
     6 | D:1      | Escaped the Abyss
    94 | D:1      | Reached XP level 2. HP: 17/27 MP: 3/3
   460 | D:1      | Reached ** piety under Lugonu
   708 | D:1      | Reached XP level 3. HP: 33/33 MP: 5/5
  1021 | D:2      | Noticed Sigmund
  1042 | D:2      | Killed Sigmund
  1042 | D:2      | Reached skill level 4 in Fighting
  1042 | D:2      | Reached skill level 1 in Throwing
  1042 | D:2      | Reached XP level 4. HP: 14/41 MP: 6/6
  1042 | D:2      | Reached XP level 5. HP: 16/47 MP: 7/7
  1367 | D:2      | Reached skill level 5 in Axes
  1379 | D:2      | HP: 2/47 [poisoned by an adder]
  1381 | D:2      | Succumbed to an adder's poison

Action                   |  1- 3 |  4- 6 || total
-------------------------+-------+-------++-------
Melee: Hand axe          |    91 |    19 ||   110
Throw: Stone             |    40 |    36 ||    76
  Use: Potion            |     3 |     1 ||     4
       Scroll            |     3 |       ||     3

Vault maps used:
D:1:      lemuel_arrival_tunnels
D:2:      uniq_robin, uniq_sigmund
